 Dungeon Crawl Stone Soup version 0.29-a0-994-gc5c9f59d18 (webtiles) character file.

Game seed: 3495084113448352890

58 vurker the Ducker (level 3, 30/30 HPs)
             Began as a Minotaur Enchanter on Aug 3, 2022.
             Was a Plaything of Xom.
             Quit the game on level 2 of the Dungeon.
             The game lasted 00:02:01 (1205 turns).

vurker the Ducker (Minotaur Enchanter)              Turns: 1205, Time: 00:02:01

Health: 30/30      AC:  6    Str: 14    XL:     3   Next: 76%
Magic:  4/4        EV:  9    Int: 12    God:    Xom [..*...]
Gold:   107        SH:  0    Dex: 10    Spells: 4/4 levels left

rFire   . . .      SeeInvis .   f - +2 dagger (speed)
rCold   . . .      Faith    .   (no shield)
rNeg    . . .      Spirit   .   g - +0 scale mail
rPois   .          Reflect  .   (helmet restricted)
rElec   .          Harm     .   (no cloak)
rCorr   .          Rampage  .   (no gloves)
Will    .....                   (no boots)
Stlth   ..........              d - amulet of regeneration
HPRegen 0.90/turn               j - ring of flight
MPRegen 0.09/turn               (no ring)

@: flying
A: horns 2, retaliatory headbutt
a: Renounce Religion


You were on level 2 of the Dungeon.
You worshipped Xom.
You were a toy of Xom.
You visited 1 branch of the dungeon, and saw 2 of its levels.

You collected 107 gold pieces.

Inventory:

Hand Weapons
 f - a +2 dagger of speed (weapon)
   (You took it off a kobold on level 1 of the Dungeon)
Armour
 g - a +0 scale mail (worn)
   (You found it on level 1 of the Dungeon)
Jewellery
 d - an amulet of regeneration (around neck)
   (You found it on level 1 of the Dungeon)
 j - a ring of flight (left hand)
   (You found it on level 2 of the Dungeon)
Scrolls
 b - a scroll of noise {unknown}
 e - a scroll of blinking {unknown}
 h - 2 scrolls of identify {unknown}
 i - a scroll of teleportation {unknown}
Potions
 a - a potion of resistance {unknown}
 c - 2 potions of invisibility
 k - a potion of berserk rage {unknown}


   Skills:
 * Level 2.8 Fighting
 - Level 1.1 Short Blades
 + Level 1.9 Armour
 + Level 2.9 Dodging
 - Level 2.4 Stealth
 - Level 1.3 Spellcasting
 - Level 2.0 Hexes


You had 4 spell levels left.
You didn't know any spells.
Your spell library contained the following spells:

 Spells                   Type           Power      Damage    Failure   Level
 Ensorcelled Hibernation  Hex/Ice        6%         N/A       77%         2
 Confusing Touch          Hex            5%         N/A       85%         3
 Tukima's Dance           Hex            5%         N/A       85%         3
 Dazzling Flash           Conj/Hex       6%         N/A       94%         3


Dungeon Overview and Level Annotations

Branches:
Dungeon (2/15)

Altars:
Xom


Innate Abilities, Weirdness & Mutations

You have a pair of horns on your head.
You reflexively headbutt those who attack you in melee.


Message History

You see here an adder corpse.
Found a scroll labelled HIFOEDI MYXYN.
Found a faded altar of an unknown god.
A rat comes into view.
You see here a viscous golden potion.
A rat is nearby!
The rat bites you.
You barely miss the rat. You headbutt the rat.
You kill the rat!
No target in view!
No target in view!
No target in view!
No target in view!
No target in view!
No target in view!
No target in view!
No target in view!
No target in view!
No target in view!
No target in view!
No target in view!
No target in view!
No target in view!
No target in view!
No target in view!
h - 2 scrolls labelled HIFOEDI MYXYN (gained 1)
You see here a rat corpse.
Found a stone staircase leading up.
You see here a rat corpse.
k - a viscous golden potion You now have 107 gold pieces (gained 2).
You see here an adder corpse.
There is an escape hatch in the ceiling here.
A mysterious force pulls you upwards. The hatch slams shut behind you.
There is a stone staircase leading down here.
You fly downwards.
There is a stone staircase leading up here.
You fly upwards.
There is a stone staircase leading down here.
You see here a +0 club.
You see here a +0 club.
There is a stone staircase leading down here.
You fly downwards.
There is a stone staircase leading up here.
There is a faded altar of an unknown god here.
There is a faded altar of an unknown god here.
You cannot tell which god this altar belongs to.
Convert to them anyway?
Xom accepts your prayer! Xom welcomes you!
Xom is very intrigued!

#.### #...# #†#.### ######
####.....# ##.
#....####........#######
#...##......†................
#.......#######.#.....######
#...##..#.....#.#(....# ##
#..#.<.@.#.###.###
#..#.....#.# #.# ##^#######.#
#.# #.. ..# #.. ### ..# ###


There were no monsters in sight!

Vanquished Creatures
  2 adders (D:2)
  4 ball pythons
  6 bats
  2 endoplasms
  2 giant cockroaches (D:1)
  6 goblins
  5 hobgoblins
  2 kobolds
  A quokka (D:1)
  5 frilled lizards
  3 rats
38 creatures vanquished.

Notes
Turn   | Place    | Note
-------+----------+-------------------------------------------
     0 | D:1      | vurker the Minotaur Enchanter began the quest for the Orb.
     0 | D:1      | Reached XP level 1. HP: 14/14 MP: 1/1
   183 | D:1      | Reached skill level 1 in Fighting
   226 | D:1      | Reached skill level 1 in Armour
   226 | D:1      | Reached XP level 2. HP: 12/23 MP: 3/3
   808 | D:2      | Reached XP level 3. HP: 30/30 MP: 4/4
  1104 | D:2      | Found a faded altar of an unknown god.
  1204 | D:2      | Prayed at the altar of an unknown god.
  1204 | D:2      | Became a worshipper of Xom of Unknown Intention
  1205 | D:2      | Quit the game

Illustrated notes

Levels and vault maps discovered:
D:1:      minmay_arrival_arboretum_small, layout_basic,
          minmay_misc_feat_pillars, st_stairs_11
D:2:      layout_loops_ring, nicolae_ecumenical_oubliette

Skill      XL: |  1  2 |
---------------+-------+-----
Fighting       | 1 2 |  2.8
Armour         | 1 |  1.9
Short Blades   | |  1.1
Dodging        | |  2.9
Stealth        | |  2.4
Spellcasting   | |  1.3
Hexes          | |  2.0

Action                   || total
-------------------------++-------
Melee: Dagger            ||    93
       Headbutt          ||    16
 Stab: Sleeping          ||     1
Armor: Robe              ||    10
       Scale mail        ||    10
Dodge: Dodged            ||    48

Table legend: (Time is in decaauts)
 A = Elapsed time spent in this place.
 B = Non-inter-level travel time spent in this place.
 C = Inter-level travel time spent in this place.
 D = Time resting spent in this place.
 E = Time spent auto-exploring this place.
 F = Levels seen in this place.
 G = Mean time per level.
                   A        B        C        D        E       F      G
               +--------+--------+--------+--------+--------+-----+--------+
         Total |   1184 |   1079 |    105 |      0 |    803 |   2 |  592.0 |
       Dungeon |   1184 |   1079 |    105 |      0 |    803 |   2 |  592.0 |
               +--------+--------+--------+--------+--------+-----+--------+

Top non-repeatable levels by time:
     D:1: 820 daAuts
     D:2: 364 daAuts
